 Dungeon Crawl Stone Soup version 0.30-a0-23-ge60ba3568b (webtiles) character file.

Game seed: 442673097071352792

1 ponyjar the Caller (level 1, 0/7 HPs)
             Began as a Felid Summoner on Aug 25, 2022.
             Slain by an endoplasm (1 damage)
             ... on level 1 of the Dungeon.
             The game lasted 00:00:04 (145 turns).

ponyjar the Caller (Felid Summoner)                  Turns: 145, Time: 00:00:05

Health: 0/7        AC:  1    Str:  4    XL:     1   Next: 16%
Magic:  2/4        EV: 17    Int: 16    God:
Gold:   18         SH:  0    Dex: 16    Spells: 3/4 levels left
                                        Lives:  0   Deaths: 0

rFire   . . .      SeeInvis +    (weapon unavailable)
rCold   . . .      Faith    .    (shield unavailable)
rNeg    . . .      Spirit   .    (body armour unavailable)
rPois   .          Reflect  .    (helmet unavailable)
rElec   .          Harm     .    (cloak unavailable)
rCorr   .          Rampage  .    (gloves unavailable)
Will    .....                    (boots unavailable)
Stlth   ++........               (no amulet)
HPRegen 0.02/turn                (no ring)
MPRegen 0.09/turn                (no ring)

@: quick
A: very small, claws 1, fangs 3, see invisible, speed 1, shaggy fur 1, stealthy
paws, no weapons or thrown items, no armour, multi-lived
a: no special abilities


You were on level 1 of the Dungeon.
You visited 1 branch of the dungeon, and saw 1 of its levels.

You collected 18 gold pieces.

Inventory:

Jewellery
 b - a ring of protection from fire
Potions
 a - a potion of magic


   Skills:
 + Level 2.7 Dodging
 + Level 2.7 Stealth
 + Level 2.0 Spellcasting
 + Level 4.0 Summonings


You had 3 spell levels left.
You knew the following spells:

 Your Spells              Type           Power      Damage    Failure   Level
a - Summon Small Mammal   Summ           56%        N/A       4%          1

Your spell library contained the following spells:

 Spells                   Type           Power      Damage    Failure   Level
 Call Imp                 Summ           14%        N/A       6%          2
 Call Canine Familiar     Summ           14%        N/A       12%         3
 Summon Guardian Golem    Hex/Summ       8%         N/A       26%         3
 Summon Lightning Spire   Summ/Air       8%         N/A       65%         4


Dungeon Overview and Level Annotations

Branches:
Dungeon (1/15)

Altars:


Innate Abilities, Weirdness & Mutations

You have sharp claws.
You have razor-sharp teeth.
You have supernaturally acute eyesight. (SInv)
You cover ground quickly. (Speed+)
You are covered in fur. (AC +1)
Your paws help you pounce on unaware monsters.
You are incapable of wielding weapons or throwing items.
You cannot wear armour.
You gain extra lives every three experience levels.


Message History

The ball python misses you. The ball python completely misses you.
Your quokka misses the ball python. The ball python barely misses you. x2
You scratch the ball python but do no damage.
The ball python is severely wounded.
Your quokka bites the ball python.
The ball python dies!
No target in view!
Magic restored.
Your rat disappears in a puff of smoke!
Your quokka disappears in a puff of smoke!
HP restored.
You now have 18 gold pieces (gained 9).
An endoplasm comes into view.
An endoplasm is nearby!
An endoplasm is nearby!
Found a smoky purple potion.
An endoplasm is nearby!
The endoplasm quivers.
The endoplasm misses you.
The endoplasm hits you but does no damage.
You scratch the endoplasm but do no damage.
The endoplasm freezes you.
You are frozen.
Your rat bites the endoplasm but does no damage.
You scratch the endoplasm but do no damage.
You bite the endoplasm.
The endoplasm is moderately wounded.
The endoplasm misses you.
Your rat bites the endoplasm.
You scratch the endoplasm.
The endoplasm is heavily wounded.
The endoplasm freezes you.
You are frozen.
Ouch! That really hurt!
* * * LOW HITPOINT WARNING * * *
Your rat bites the endoplasm but does no damage.
Casting: Summon Small Mammal (safe; 4% risk of failure)
Confirm with . or Enter, or press ? or * to list all spells.
Unknown command.
The endoplasm hits you.
You die...

......#......# #.......#
#.....'......+ +.......#
#.#####......#####.......#
#.#....................!.#
#.......#########.#+######
####.##.# #.# #.....#.#
#r# #.##..#.#########J#
#.##..#........b@.#
###################


You could see an endoplasm (ally target), a friendly bat (summoned) and a
friendly rat (summoned).

Vanquished Creatures (collateral kills)
  A ball python (D:1)
1 creature vanquished.

Notes
Turn   | Place    | Note
-------+----------+-------------------------------------------
     0 | D:1      | ponyjar the Felid Summoner began the quest for the Orb.
     0 | D:1      | Reached XP level 1. HP: 7/7 MP: 4/4
   145 | D:1      | Slain by an endoplasm

Illustrated notes

Levels and vault maps discovered:
D:1:      mainiacjoe_arrival_reflecting_pool, layout_basic,
          shapermc_ecumenical_altar_ellora, minivault_27

Action                   || total
-------------------------++-------
Melee: Unarmed           ||     6
       Bite              ||     1
 Cast: Summon Small Mamm ||     4
Armor: Skin              ||     1
Dodge: Dodged            ||     7

Table legend: (Time is in decaauts)
 A = Elapsed time spent in this place.
 B = Non-inter-level travel time spent in this place.
 C = Inter-level travel time spent in this place.
 D = Time resting spent in this place.
 E = Time spent auto-exploring this place.
 F = Levels seen in this place.
 G = Mean time per level.
                   A        B        C        D        E       F      G
               +--------+--------+--------+--------+--------+-----+--------+
         Total |    131 |    131 |      0 |      0 |    112 |   1 |  131.0 |
       Dungeon |    131 |    131 |      0 |      0 |    112 |   1 |  131.0 |
               +--------+--------+--------+--------+--------+-----+--------+

Top non-repeatable levels by time:
     D:1: 131 daAuts
